 Dungeon Crawl Stone Soup version 0.23.2-40-g277498a001 (webtiles) character file.

Game seed: 5122001148076133745

13925 DildoBatman the Geomancer (level 12, -12/78 HPs)
             Began as a Formicid Wizard on Sept 26, 2019.
             Was a High Priest of Kikubaaqudgha.
             Mangled by an orc warlord
             ... wielding a +3 war axe
              (30 damage)
             ... on level 2 of the Orcish Mines.
             The game lasted 00:57:28 (13713 turns).

DildoBatman the Geomancer (Formicid Wizard)        Turns: 13713, Time: 00:57:29

Health: -12/78     AC: 12    Str: 13    XL:     12   Next: 38%
Magic:  20/23      EV: 11    Int: 22    God:    Kikubaaqudgha [*****.]
Gold:   1090       SH:  4    Dex:  9    Spells: 4/26 levels left

rFire    . . .     SeeInvis +   a - +4 halberd (venom)
rCold    . . .     Gourm    .   A - +0 buckler
rNeg     . . .     Faith    .   D - +5 ring mail
rPois    .         Spirit   .   (helmet unavailable)
rElec    .         Reflect  .   H - +1 cloak
rCorr    +         Harm     .   (no gloves)
MR       +....                  (no boots)
Stlth    ++........             r - amulet of regeneration
HPRegen  0.63/turn              j - ring of resist corrosion
MPRegen  0.18/turn              (no ring)

@: no status effects
A: permanent stasis, dig shafts and tunnels, four strong arms, antennae 3
a: Dig, Shaft Self, Receive Corpses, Torment, Renounce Religion


You were on level 2 of the Orcish Mines.
You worshipped Kikubaaqudgha.
Kikubaaqudgha was extremely pleased with you.
You were not hungry.

You visited 3 branches of the dungeon, and saw 14 of its levels.

You collected 1194 gold pieces.
You spent 104 gold pieces at shops.

Inventory:

Hand Weapons
 a - a +4 halberd of venom (weapon)
 b - a +2 shortbow of freezing
 d - a +2 hand axe of flaming
Missiles
 f - 5 throwing nets (quivered)
 h - 215 arrows
 m - 135 bolts
 s - 48 sling bullets
Armour
 n - a +2 cloak
 A - a +0 buckler (worn)
 D - a +5 ring mail (worn)
 H - a +1 cloak (worn)
Jewellery
 j - a ring of resist corrosion (left hand)
 r - an amulet of regeneration (around neck)
 u - an uncursed ring of ice
Wands
 y - a wand of iceblast (6)
Scrolls
 c - 6 scrolls of enchant armour
 k - a scroll of amnesia
 q - a scroll of fear {unknown}
 x - 4 scrolls of remove curse
 z - a scroll of identify
 B - a scroll of acquirement
 C - 6 scrolls of magic mapping
Potions
 i - 2 potions of ambrosia
 l - a potion of heal wounds {unknown}
 p - 2 potions of brilliance
 t - a potion of flight {unknown}
 w - 4 potions of curing
 E - a potion of lignification
Comestibles
 g - 9 chunks of flesh
 v - 19 rations


   Skills:
 * Level 2.0 Fighting
 * Level 0.2 Polearms
 * Level 2.0 Armour
 * Level 2.6 Dodging
 * Level 3.7 Stealth
 * Level 4.0 Shields
 * Level 7.6 Spellcasting
 - Level 6.0 Conjurations
 - Level 4.0 Charms
   Level 1.0 Summonings
 - Level 9.0 Necromancy
   Level 0.8 Translocations
 - Level 5.0 Fire Magic
 - Level 5.0 Air Magic
 - Level 9.5 Earth Magic
 - Level 6.0 Poison Magic


You had 4 spell levels left.
You knew the following spells:

 Your Spells              Type           Power        Failure   Level  Hunger
a - Conjure Flame         Conj/Fire      ####....     4%          3    None
b - Borgnjor's Vile Clut  Necr/Erth      #####.....   10%         5    #####..
c - Magic Dart            Conj           ####         1%          1    None
d - Regeneration          Chrm/Necr      #####.....   3%          3    None
e - Mephitic Cloud        Conj/Pois/Air  ####....     4%          3    None
h - Dispel Undead         Necr           #####...     11%         5    #####..
z - Sublimation of Blood  Necr           #####.....   1%          2    None

Your spell library contained the following spells:

 Spells                   Type           Power        Failure   Level  Hunger
 Animate Skeleton         Necr           N/A          1%          1    None
 Pain                     Necr           ####         1%          1    None
 Animate Dead             Necr           N/A          4%          4    ###....
 Summon Butterflies       Summ           ##......     11%         1    None
 Summon Small Mammal      Summ           ##..         11%         1    None
 Apportation              Tloc           ##....       12%         1    None
 Spider Form              Tmut/Pois      ###.......   14%         3    None
 Beastly Appendage        Tmut           #.....       16%         1    None
 Confusing Touch          Hex            #.....       16%         1    None
 Call Imp                 Summ           ##......     16%         2    None
 Slow                     Hex            #.......     24%         2    None
 Sticks to Snakes         Tmut           #.......     24%         2    None
 Ice Form                 Ice/Tmut       #.......     85%         4    ###....
 Agony                    Necr           #####...     11%         5    #####..
 Excruciating Wounds      Chrm/Necr      #####.....   30%         5    #####..
 Blade Hands              Tmut           #.........   99%         5    #####..
 Blink                    Tloc           Unusable     N/A         2    N/A

Dungeon Overview and Level Annotations

Branches:
Dungeon (11/15)            Temple (1/1) D:6            Lair (0/6) D:10
    Orc (2/2) D:11
    Elf: Orc:2

Altars:
Ashenzari
Cheibriados
Dithmenos
Elyvilon
Fedhas
Gozag
Hepliaklqana
Kikubaaqudgha
Makhleb
Nemelex Xobeh
Okawaru
Qazlal
Ru
Sif Muna
Trog
Uskayaw
Vehumet
Wu Jian
Xom
Yredelemnul
Zin
The Shining One
Beogh

Shops:
D:5 (   D:10 ?

Annotations:
D:3 2 transporters, KamiKatze's ghost, amateur TeCj
Orc:2 1 exclusion


Innate Abilities, Weirdness & Mutations

You cannot be hasted, slowed, berserked, paralysed or teleported.
You can dig through walls and to a lower floor.
Your four strong arms can wield two-handed weapons with a shield.
You have a pair of large antennae on your head. (SInv)


Message History

The orc warlord looks as sick as possible!
The orc warlord is severely wounded.
An orc comes into view. It is wielding a +0 club.
The orc wizard casts a spell.
The orc wizard flickers and vanishes for a moment.
An orc wizard comes into view. It is wielding a +2 antimagic dagger.
The orc warlord is engulfed in blazing flames.
The orc warlord roars a battlecry!
The orcs go into a battle-frenzy!
Your ring mail prevents you from hitting the orc warlord.
The orc warlord is almost dead.
The orc wizard no longer looks unusually strong.
The orc warrior no longer looks unusually strong.
The orc warlord is engulfed in blazing flames.
The orc warlord roars a battlecry!
The orcs go into a battle-frenzy!
An orc comes into view. It is wielding a +0 dagger.
The orc warlord hits you with a +3 war axe!!
You die...
Kikubaaqudgha rasps: "You have failed me!
Welcome... death!"

####+ .. #... .... ... ...
#... ...##..## #.. {
....#{..# +.. .. { ........#
#.####.##### ### ........#
#.#.(#...... ..#
..8...8o####.'..#.....####.#
......oooho@.#..#..⌠..#).#..
..8.o.8.####.####.....#..).#
........####........[.#..#.#
........#..####.#####)####.#
....#...#..'....#...#......+
...##..##..#....#...#.######
..{ ... ####.)).##'##)# .o
#... #........)÷..)#
#.#####'###.###


You could see an orc warlord, a warg, an orc warrior, an orc priest, an orc
wizard (invisible) and 2 orcs.

Vanquished Creatures
  Harold (D:9)
  Erica (Orc:1)
  4 two-headed ogres (Orc:2)
  Urug (Orc:1)
  Maurice (D:9)
  Psyche (D:11)
  A komodo dragon (D:10)
  A troll (Orc:2)
  2 hippogriffs
  A wyvern (D:9)
  6 yaks (D:9)
  5 wargs
  18 orc warriors
  A sky beast (D:8)
  2 ice beasts
  2 phantoms
  14 ogres
  4 centaurs
  5 bullfrogs
  A gnoll sergeant (D:7)
  4 howler monkeys (D:8)
  6 crimson imps
  A bullfrog zombie (D:7)
  3 bullfrog skeletons
  3 centaur zombies
  6 hounds
  17 orc priests
  2 centaur skeletons
  21 orc wizards
  5 iguanas
  11 worker ants
  2 hound skeletons
  A howler monkey skeleton (D:4)
  3 gnolls (D:7)
  6 adders
  A shadow imp (D:5)
  An ooze (D:2)
  2 adder zombies
  3 adder skeletons
  3 worms
  4 dart slugs
  8 leopard geckos
  96 orcs
  6 giant cockroaches
  12 goblins
  5 hobgoblins
  7 kobolds
  4 quokkas
  6 bats (D:1)
  6 frilled lizards
  3 jackal skeletons
  2 leopard gecko skeletons
  7 rats
339 creatures vanquished.

Vanquished Creatures (others)
  An orc (D:3)
  A plant (D:10)
2 creatures vanquished.

Grand Total: 341 creatures vanquished

Notes
Turn   | Place    | Note
-------+----------+-------------------------------------------
     0 | D:1      | DildoBatman the Formicid Wizard began the quest for the
                  | Orb.
     0 | D:1      | Reached XP level 1. HP: 13/13 MP: 4/4
    16 | D:1      | Reached skill level 1 in Conjurations
   259 | D:1      | Reached XP level 2. HP: 12/19 MP: 3/6
   654 | D:1      | Reached XP level 3. HP: 17/24 MP: 0/7
   659 | D:1      | Learned a level 3 spell: Conjure Flame
   663 | D:1      | Learned a level 3 spell: Mephitic Cloud
  1684 | D:2      | Reached XP level 4. HP: 27/30 MP: 3/8
  2323 | D:2      | Found a faded altar of an unknown god.
  2963 | D:3      | Reached XP level 5. HP: 12/35 MP: 2/9
  3128 | D:3      | HP: 1/35 [orc wizard/magic dart (10)]
  3691 | D:3      | Reached skill level 5 in Conjurations
  3691 | D:3      | Reached XP level 6. HP: 38/41 MP: 5/10
  3725 | D:3      | Found a transporter.
  3793 | D:3      | Found a snail-covered altar of Cheibriados.
  3793 | D:3      | Found an iron altar of Okawaru.
  3960 | D:3      | Noticed KamiKatze's ghost (amateur TeCj)
  3972 | D:3      | Found a transporter.
  4374 | D:4      | Reached XP level 7. HP: 46/46 MP: 5/11
  4492 | D:4      | Reached skill level 1 in Poison Magic
  4569 | D:4      | Reached skill level 1 in Fire Magic
  4598 | D:4      | Reached skill level 1 in Air Magic
  4888 | D:5      | Entered Level 5 of the Dungeon
  5160 | D:5      | Reached XP level 8. HP: 52/52 MP: 6/12
  5215 | D:5      | Found a hazy altar of Hepliaklqana.
  5637 | D:5      | Found Cufay's Weapon Shop.
  6587 | D:6      | Found a deep blue altar of Sif Muna.
  6649 | D:6      | Found a staircase to the Ecumenical Temple.
  6656 | Temple   | Entered the Ecumenical Temple
  6857 | Temple   | Became a worshipper of Kikubaaqudgha
  7009 | D:4      | Reached skill level 5 in Poison Magic
  7454 | D:6      | Identified Sif Muna's Collected Works on Creation
  8051 | D:7      | Reached * piety under Kikubaaqudgha
  8051 | D:7      | Identified Kikubaaqudgha's Catalogue of Stolen Souls
                  | (Kikubaaqudgha gifted it to you on level 7 of the Dungeon)
  8051 | D:7      | Received a gift from Kikubaaqudgha
  8068 | D:7      | Learned a level 2 spell: Sublimation of Blood
  8072 | D:7      | Learned a level 3 spell: Regeneration
  8128 | D:7      | Found an opulent altar of Gozag.
  8195 | D:7      | Reached XP level 9. HP: 52/57 MP: 8/13
  8417 | D:7      | Reached skill level 1 in Necromancy
  8437 | D:7      | Found a glowing golden altar of the Shining One.
  8460 | D:7      | Reached skill level 1 in Charms
  8893 | D:8      | Reached skill level 5 in Fire Magic
  9025 | D:8      | Reached ** piety under Kikubaaqudgha
  9688 | D:9      | Reached skill level 5 in Air Magic
  9688 | D:9      | Reached XP level 10. HP: 44/63 MP: 9/16
  9835 | D:9      | Reached skill level 5 in Necromancy
  9930 | D:9      | Noticed Maurice
  9998 | D:9      | Killed Maurice
 10162 | D:9      | Noticed Harold
 10200 | D:9      | Killed Harold
 10321 | D:9      | Reached XP level 11. HP: 59/68 MP: 7/18
 10332 | D:9      | Reached *** piety under Kikubaaqudgha
 10332 | D:9      | Identified Kikubaaqudgha's Incunabulum of Darkness
                  | (Kikubaaqudgha gifted it to you on level 9 of the Dungeon)
 10332 | D:9      | Received a gift from Kikubaaqudgha
 10340 | D:9      | Reached skill level 5 in Spellcasting
 10492 | D:10     | Entered Level 10 of the Dungeon
 10661 | D:10     | Found a staircase to the Lair.
 10853 | D:10     | Found Hufism's Magic Scroll Shoppe.
 11154 | D:10     | Reached skill level 1 in Shields
 11255 | D:10     | Bought a scroll of identify for 26 gold pieces
 11255 | D:10     | Bought a scroll of identify for 26 gold pieces
 11255 | D:10     | Bought a scroll of identify for 26 gold pieces
 11255 | D:10     | Bought a scroll of identify for 26 gold pieces
 11301 | D:11     | Noticed Psyche
 11318 | D:11     | Killed Psyche
 11423 | D:11     | Learned a level 5 spell: Dispel Undead
 11429 | D:11     | Learned a level 5 spell: Borgnjor's Vile Clutch
 11444 | D:11     | Found a staircase to the Orcish Mines.
 11475 | Orc:1    | Entered Level 1 of the Orcish Mines
 11529 | Orc:1    | Reached skill level 1 in Earth Magic
 11744 | Orc:2    | Entered Level 2 of the Orcish Mines
 11905 | Orc:2    | Noticed a two-headed ogre
 11926 | Orc:2    | Killed a two-headed ogre
 11926 | Orc:2    | Reached skill level 5 in Earth Magic
 11956 | Orc:2    | Noticed a two-headed ogre
 11976 | Orc:2    | Killed a two-headed ogre
 11976 | Orc:2    | Reached **** piety under Kikubaaqudgha
 12135 | Orc:2    | Noticed a two-headed ogre
 12179 | Orc:2    | Killed a two-headed ogre
 12223 | Orc:2    | Noticed a two-headed ogre
 12282 | Orc:2    | Killed a two-headed ogre
 12459 | Orc:2    | Reached XP level 12. HP: 60/74 MP: 21/23
 12672 | Orc:1    | Noticed Erica
 12686 | Orc:1    | Killed Erica
 12753 | Orc:1    | Noticed Urug
 12985 | Orc:1    | Killed Urug
 12985 | Orc:1    | Reached skill level 1 in Fighting
 12985 | Orc:1    | Reached skill level 1 in Armour
 13328 | Orc:2    | Reached ***** piety under Kikubaaqudgha
 13405 | Orc:2    | Found a roughly hewn altar of Beogh.
 13655 | Orc:2    | Identified a scroll of acquirement
 13698 | Orc:2    | Noticed an orc warlord
 13713 | Orc:2    | Mangled by an orc warlord

Skill      XL: |  1  2  3  4  5  6  7  8  9 10 11 12 |
---------------+-------------------------------------+-----
Conjurations   | 1 2 3 4 5 6 |  6.0
Poison Magic   | 3 5 6 |  6.0
Fire Magic     | 2 4 5 |  5.0
Air Magic      | 2 3 5 |  5.0
Necromancy     | 3 9 |  9.0
Charms         | 3 4 |  4.0
Spellcasting   | 4 7 |  7.6
Shields        | 3 4 |  4.0
Earth Magic    | 8 9 |  9.5
Fighting       | 2 |  2.0
Armour         | 2 |  2.0
Dodging        | 2 |  2.6
Stealth        | 3 |  3.7
Polearms       | |  0.2
Summonings     | |  1.0
Translocations | |  0.8

Action                   |  1- 3 |  4- 6 |  7- 9 | 10-12 || total
-------------------------+-------+-------+-------+-------++-------
Melee: Dagger            |    12 |    20 |       |       ||    32
       Hand axe          |       |    43 |   181 |    26 ||   250
       Short sword       |       |       |       |   430 ||   430
       Halberd           |       |       |       |    33 ||    33
 Fire: Hunting sling     |       |       |   149 |       ||   149
       Shortbow          |       |       |    26 |    65 ||    91
 Cast: Magic Dart        |    79 |    98 |   153 |    35 ||   365
       Mephitic Cloud    |       |     9 |    30 |    71 ||   110
       Conjure Flame     |       |     1 |    22 |    35 ||    58
       Regeneration      |       |       |     1 |    22 ||    23
       Sublimation of Bl |       |       |       |    17 ||    17
       Borgnjor's Vile C |       |       |       |     3 ||     3
 Abil: Dig               |     1 |     4 |    12 |    19 ||    36
  Use: Scroll            |       |       |     6 |     8 ||    14
 Stab: Confused          |       |     4 |     6 |    27 ||    37
       Sleeping          |       |     1 |       |       ||     1
  Eat: Chunk             |     2 |     6 |    17 |    17 ||    42
       Ration            |       |     1 |     2 |     1 ||     4
Armor: Robe              |     4 |     5 |    41 |       ||    50
       Ring mail         |       |       |    35 |   154 ||   189
Dodge: Dodged            |    18 |    43 |   137 |   209 ||   407
Block: Buckler           |       |       |       |     5 ||     5
